 Dungeon Crawl Stone Soup version 0.19-a0-1468-ge013c26 (webtiles) character file.

15 jacquesderrida the Sneak (level 2, -7/14 HPs)
             Began as a Vine Stalker Wanderer on Sept 7, 2016.
             Killed from afar by a dart slug (8 damage)
             ... with a slug dart
             ... on level 1 of the Dungeon.
             The game lasted 00:00:47 (206 turns).

jacquesderrida the Sneak (Vine Stalker Wanderer)     Turns: 206, Time: 00:00:48

Health: -7/14      AC:  3    Str: 11    XL:     2   Next: 50%
Magic:  0/6        EV: 12    Int: 14    God:
Gold:   61         SH:  0    Dex: 14    Spells: 0 memorised, 5 levels left

rFire  . . .     SeeInvis .       - Unarmed
rCold  . . .     Gourm    .     d - +0 robe
rNeg   . . .     Faith    .     (no shield)
rPois  .         Spirit   +     e - +0 helmet
rElec  .         Dismiss  .     (no cloak)
rCorr  .         Reflect  .     (no gloves)
MR     .....     Harm     .     (no boots)
Stlth  ++........               (no amulet)
                                (no ring)
                                (no ring)

@: no status effects
A: fangs 2, magic shield, antimagic bite, no device heal 3, rot immunity
a: no special abilities


You were on level 1 of the Dungeon.
You were not hungry.

You visited 1 branch of the dungeon, and saw 1 of its levels.

You collected 61 gold pieces.

Inventory:

Armour
 d - a +0 robe (worn)
 e - a +0 helmet (worn)
Scrolls
 h - a scroll of remove curse {unknown}
 i - a scroll of recharging {unknown}
Potions
 b - a potion of lignification
Books
 a - a book of Minor Magic

   Spells                             Type                      Level
   a - Magic Dart                     Conjuration                  1
   b - Blink                          Translocation                2
   c - Call Imp                       Summoning                    2
   d - Repel Missiles                 Charms/Air                   2
   e - Slow                           Hexes                        2
   f - Conjure Flame                  Conjuration/Fire             3
   g - Mephitic Cloud                 Conjuration/Poison/Air       3
 c - the Compendium of Transmutation

   Spells                             Type                      Level
   a - Beastly Appendage              Transmutation                1
   b - Ignite Poison                  Fire/Transmutation/Poison    3
Comestibles
 f - a bread ration
 g - 2 meat rations


   Skills:
 - Level 1.0 Fighting
 - Level 1.0 Dodging
 - Level 3.6 Stealth
 + Level 2.0 Unarmed Combat
 - Level 2.1 Spellcasting
   Level 2.0 Transmutations
   Level 1.0 Air Magic


You had 5 spell levels left.
You didn't know any spells.

Dungeon Overview and Level Annotations

Branches:
Dungeon (1/15)

Altars:


Innate Abilities, Weirdness & Mutations

You have extremely sharp teeth.
When hurt, damage is shared between your health and your magic reserves.
Your bite disrupts and absorbs the magic of your enemies.
Potions and wands cannot restore your health.
You are immune to rotting.


Message History

The kobold barely misses you.
You hit the kobold but do no damage.
The kobold is moderately wounded.
The kobold barely misses you.
You barely miss the kobold. Your bite misses the kobold.
The kobold is moderately wounded.
The kobold barely misses you.
You hit the kobold.
You kill the kobold!
Things that are here:
a club; a goblin corpse A dart slug comes into view.
Found 9 gold pieces.
The dart slug launches a dart at you. The slug dart hits you!
* * * LOW HITPOINT WARNING * * *
The dart slug launches a dart at you. The slug dart hits you!
Ouch! That really hurt!
You die...

######### ##...#...##
##.........##
#...........#
#...........# ####.
#...........# ###.$..
#....@.w..#
....##.####.......##
##...............####
.................#
#................#
...#.##..........#
..#..##..........#
..#.# #..........#
....###..........#


You could see a dart slug.

Vanquished Creatures
  An ooze (D:1)
  2 giant geckos (D:1)
  A bat (D:1)
  2 goblins (D:1)
  A giant newt (D:1)
  A kobold (D:1)
  A rat (D:1)
9 creatures vanquished.

Notes
Turn   | Place    | Note
-------+----------+-------------------------------------------
     0 | D:1      | jacquesderrida the Vine Stalker Wanderer began the quest for the Orb.
     0 | D:1      | jacquesderrida set off with: a book of Minor Magic, a potion of lignification, the Compendium of Transmutation, a +0 robe, a +0 dagger, a bread ration
     0 | D:1      | Reached XP level 1. HP: 10/10 MP: 4/4
    90 | D:1      | Reached skill level 1 in Unarmed Combat
   152 | D:1      | Reached XP level 2. HP: 2/14 MP: 6/6
   206 | D:1      | Killed from afar by a dart slug

Vault maps used:
D:1:      eino_arrival_water_cross, minmay_close_crescents

Skill      XL: |  1  2 |
---------------+-------+-----
Unarmed Combat | 1 2 |  2.0
Fighting       | |  1.0
Dodging        | |  1.0
Stealth        | |  3.6
Spellcasting   | |  2.1
Transmutations | |  2.0
Air Magic      | |  1.0

Action                   || total
-------------------------++-------
Melee: Unarmed           ||    42
       Bite              ||    11
Armor: Robe              ||    11
Dodge: Dodged            ||    22
